cohdb
Replays
Latest Replays
All Replays
Popular Replays
Top Player Replays
Match Explorer
How It Works
Community
CoH3 Stats
Reddit
Sign in to upload your games and track your stats! →
Sign in with Steam
Match 42054426
Unlisted
Match 42054426
Overview
Messages
Build Orders
End
Construct Barracks
Selects Special Operations Battlegroup
Selects M29 Weasel Recon Vehicle
M29 Weasel Recon Vehicle
Riflemen Squad
Riflemen Squad
Riflemen Squad
Construct Medical Station
Infantry Support Center
M1 Mortar Team
M1918 Browning Automatic Rifles
Selects Raiding Flares
Selects SSF Commando Squad
SSF Commando Squad
Construct Motor Pool
SSF Commando Squad
M24 Chaffee Light Tank
Guru
Karl Müller
28598519a
LV.3 NADPH
0
0
Comments
sign in to comment!
No comments posted yet!